 Dungeon Crawl Stone Soup version 0.16-a0-4112-g89a4107 (webtiles) character file.

128304 abixa the Bludgeoner (level 17, -2/125 HPs)
             Began as a Human Gladiator on Feb 27, 2015.
             Was the Champion of Okawaru.
             Slain by a trapdoor spider (14 damage)
             ... on level 2 of the Spider Nest.
             The game lasted 03:11:46 (35353 turns).

abixa the Bludgeoner (Human Gladiator)             Turns: 35353, Time: 03:11:46

Health: -2/125     AC: 27    Str: 20    XL:     17   Next: 58%
Magic:  30/30      EV: 15    Int: 10    God:    Okawaru [******]
Gold:   2203       SH:  0    Dex: 18    Spells: 0 memorised, 16 levels left

rFire  + . .     SeeInvis +     a - +7 great mace "Gegh" {drain, rF+ rC++ Str+3 Int-3}
rCold  + + .     Clarity  .     U - +2 plate armour {rPois}
rNeg   . . .     SustAb   .     (no shield)
rPois  +         Gourm    .     H - +2 helmet
rElec  .         Spirit   .     q - +1 cloak
rCorr  .         Warding  .     b - +0 pair of gloves {Dex+3}
rMut   .         Stasis   .     O - +0 pair of boots {Fly}
MR     ++...                    f - amulet of regeneration
Stlth  ..........               M - ring of see invisible
                                j - ring of protection from magic

@: lethally poisoned (-2 -> -2), flying, very resistant to hostile enchantments,
extremely unstealthy
A: no striking features
a: Heroism, Finesse, Renounce Religion, Stop Flying


You were on level 2 of the Spider Nest.
You worshipped Okawaru.
Okawaru was exalted by your worship.
You were hungry.

You visited 5 branches of the dungeon, and saw 30 of its levels.
You also visited: Labyrinth, Bailey and Ice Cave.

You collected 3573 gold pieces.
You spent 1370 gold pieces at shops.

Inventory:

Hand weapons
 a - the +7 great mace "Gegh" (weapon) {drain, rF+ rC++ Str+3 Int-3}
   (Okawaru gifted it to you on level 8 of the Lair of Beasts)

   A truly terrible weapon, it drains the life of those it strikes.
   It affects your strength (+3).
   It affects your intelligence (-3).
   It protects you from fire.
   It greatly protects you from cold.
 W - the +5 bardiche of Protyebo {flame, Int+4}
   (You found it on level 7 of the Dungeon)

   It has been specially enchanted to burn those struck by it, causing extra
   injury to most foes and up to half again as much damage against particularly
   susceptible opponents.
   Big, fiery blades are also staple armaments of hydra-hunters.
   It affects your intelligence (+4).
Missiles
 n - 22 tomahawks (quivered)
 t - 6 silver javelins
Armour
 b - a +0 pair of gloves of dexterity (worn)
 q - a +1 cloak (worn)
 s - a +2 plate armour of magic resistance
 H - a +2 helmet (worn)
 O - a +0 pair of boots of flying (worn)
 U - a +2 plate armour of poison resistance (worn)
Rods
 u - a +7 rod of destruction (10/12)
   (You took it off a minotaur in a labyrinth)
Jewellery
 f - an amulet of regeneration (around neck)
 j - a ring of protection from magic (left hand)
 k - an uncursed ring of protection from fire
 B - the ring "Eskitenn" {rN++ MP+9}
   (You found it on level 4 of the Lair of Beasts)

   [ring of magical power]

   It greatly protects you from negative energy.
   It affects your magic capacity (+9).
 F - an uncursed amulet of rage
 M - a ring of see invisible (right hand)
 R - an uncursed ring of ice
Magical devices
 d - a wand of draining (0)
 h - a wand of draining (2)
 i - a wand of lightning (6)
 z - a wand of disintegration (12)
 C - a wand of cold (10)
 G - a wand of lightning (6)
 Q - a wand of fire (6)
Scrolls
 c - 2 scrolls of identify
 e - a scroll of magic mapping {unknown}
 m - 14 scrolls of teleportation
 y - 8 scrolls of remove curse
Potions
 g - 5 potions of heal wounds
 o - 7 potions of curing
 r - a potion of brilliance {unknown}
 w - 5 potions of might
 J - 2 potions of berserk rage
 K - a potion of invisibility
 N - 4 potions of haste
 Z - 3 potions of agility
Comestibles
 l - a meat ration
 p - a bread ration
 A - 29 fruits


   Skills:
 - Level 9.0 Fighting
 - Level 17.2 Maces & Flails
 - Level 2.0 Throwing
 - Level 14.0 Armour
 - Level 13.8 Dodging
 - Level 8.0 Invocations
 + Level 10.4 Evocations


You had 16 spell levels left.
You didn't know any spells.

Dungeon Overview and Level Annotations

Branches:
Dungeon (15/15)            Temple (1/1) D:4            Lair (8/8) D:9
 Shoals (0/5) Lair:6       Spider (2/5) Lair:4        Slime (0/6) Lair:8
    Orc (4/4) D:10            Elf (0/3) Orc:4        Vaults (0/5) D:14
 Depths (0/5) D:15

Altars:
Ashenzari
Dithmenos
Elyvilon
Fedhas
Gozag
Kikubaaqudgha
Nemelex Xobeh
Okawaru
Qazlal
Ru
Trog
Vehumet
Xom
The Shining One

Shops:
D:5 =?*   D:6 %   D:8 [*   Orc:1 [   Orc:2 =[[(=   Orc:4 :[(*

Portals:
Trove: D:10 (give wand of heal wounds (9))

Annotations:
D:7 !red ugly thing, slurping
D:8 4 runed doors


Message History

Wield which item (- for none, * to show all)? (? for menu, Esc to quit)
Okay, then.
Unknown command.
You bump into the rock wall.
The trapdoor spider bites you!
* * * LOW HITPOINT WARNING * * *
The trapdoor spider barely misses you.
The jumping spider leaps!
The trapdoor spider completely misses you.
The trapdoor spider misses you.
You closely miss the trapdoor spider.
You feel sick.
The trapdoor spider bites you but does no damage. x2
You feel less invigorated.
You feel less confused. The trapdoor spider misses you.
You hear an angry hiss.
The jumping spider leaps!
The trapdoor spider bites you!!
* * * LOW HITPOINT WARNING * * *
You bludgeon the trapdoor spider!!
The trapdoor spider is heavily wounded.
The trapdoor spider bites you!
You die...

# ..........# . . #
.........## ....
#####†.......## .....
....##^....(..### ......
................# .....#
.......s.....s..##§..s##
.......y.s....#........##
.....#.#.# s..#.s.......#
..#..##### ####.@.....##
..#....## #........}#
..##....# #..#.....##
...#....# ####...###
..###...# ..## .## #...#
### ## ##..# ##.# ###


You could see an orb spider, a trapdoor spider (berserk) and a jumping spider.

Vanquished Creatures
  Arachne (Spider:2)
  Rupert (Lair:6)
  A frost giant (IceCv)
  2 orc warlords
  Maud (Lair:7)
  An emperor scorpion (Spider:2)
  3 vault guards (D:14)
  A minotaur (Lab)
  Nessos (D:13)
  Erica (D:11)
  10 hydras
  5 centaur warriors
  2 tengu warriors (D:15)
  6 orc high priests
  13 death yaks (Lair:8)
  Nergalle (Lair:3)
  7 slime creatures
  Erolcha (Orc:3)
  4 catoblepae
  2 skeletal warriors (D:15)
  A hill giant (D:10)
  An ice statue (IceCv)
  4 orc knights
  6 orb spiders
  Pikel (D:5)
  3 wizards (D:14)
  3 lindwurms
  4 ugly things
  3 necromancers
  3 cyclopes
  A griffon (Lair:8)
  12 wolf spiders
  A phantasmal warrior (D:15)
  4 orc sorcerers
  A centaur zombie (D:13)
  2 black mambas
  4 elephants (Lair:8)
  Joseph (Orc:2)
  A siren (Lair:6)
  A frost giant skeleton (D:15)
  A torpor snail (Spider:1)
  3 yaktaurs (D:15)
  2 fire drakes
  A tengu conjurer (D:15)
  6 jumping spiders
  12 komodo dragons
  16 spiny frogs
  6 trolls
  3 merfolk (Lair:6)
  3 two-headed ogres
  A death yak skeleton (D:15)
  12 polar bears (IceCv)
  Grinder (D:5)
  5 blink frogs
  Prince Ribbit (Lair:2)
  A minotaur skeleton (D:15)
  A trapdoor spider zombie (D:13)
  A deep troll zombie (D:15)
  4 boulder beetles
  6 ravens (D:15)
  9 redbacks
  17 humans (D:14)
  5 basilisks
  7 tarantellas
  4 deep elf magi
  2 wyverns
  A centaur simulacrum (D:15)
  13 trapdoor spiders
  2 shadows
  A water elemental (D:12)
  59 yaks
  12 wolves
  5 hungry ghosts
  9 hippogriffs
  A mottled dragon (D:14)
  A soldier ant (D:9)
  3 wargs
  9 water moccasins
  17 spiders
  3 wasps
  A sky beast (D:12)
  5 porcupines
  3 slaves
  3 eyes of draining
  49 orc warriors
  3 black bears
  A phantom (D:11)
  21 crocodiles
  10 ogres
  14 centaurs
  2 boring beetles
  3 big kobolds
  27 giant frogs
  A scorpion (D:12)
  18 killer bees
  A water moccasin skeleton (D:9)
  4 electric eels
  8 crimson imps
  2 goliath beetles
  4 centaur skeletons
  11 wights
  A giant frog zombie (D:11)
  5 jellies
  2 quasits
  30 orc priests
  11 hounds
  6 iguanas
  3 giant frog skeletons
  5 hell rats (Lair:6)
  37 orc wizards
  14 worker ants
  39 sheep
  2 mummies
  A hound zombie (D:6)
  11 gnolls
  22 adders
  13 river rats
  4 shadow imps
  12 white imps (Lair:1)
  3 worms
  3 giant geckos
  4 oozes
  197 orcs
  2 bat skeletons
  A bat zombie (D:6)
  25 hobgoblins
  11 jackals
  50 kobolds
  12 quokkas
  A ball python (D:4)
  15 bats
  6 giant cockroaches
  5 giant newts
  23 goblins
  A goblin zombie (Orc:4)
  A jackal skeleton (D:7)
  A jackal zombie (D:8)
  An orc skeleton (D:8)
  A quokka skeleton (D:5)
  13 rats
  10 ballistomycetes
  A fungus (Lair:2)
1183 creatures vanquished.

Vanquished Creatures (others)
  2 yaks (IceCv)
  4 giant spores
  4 fungi
  3 plants
13 creatures vanquished.

Grand Total: 1196 creatures vanquished

Notes
Turn   | Place    | Note
--------------------------------------------------------------
     0 | D:1      | abixa, the Human Gladiator, began the quest for the Orb.
     0 | D:1      | Reached XP level 1. HP: 16/16 MP: 1/1
   158 | D:1      | Reached XP level 2. HP: 22/22 MP: 2/2
   638 | D:1      | Reached skill level 4 in Maces & Flails
   638 | D:1      | Reached XP level 3. HP: 27/27 MP: 3/3
  1105 | D:2      | Reached XP level 4. HP: 31/33 MP: 4/4
  1857 | D:2      | Reached skill level 5 in Maces & Flails
  2293 | D:3      | Reached XP level 5. HP: 34/38 MP: 5/5
  2955 | D:3      | Reached skill level 6 in Maces & Flails
  3064 | D:4      | Reached XP level 6. HP: 44/44 MP: 6/6
  3327 | D:4      | Found a white marble altar of Elyvilon.
  3333 | D:4      | Found a shadowy altar of Dithmenos.
  3563 | D:3      | Reached skill level 7 in Maces & Flails
  3825 | D:4      | Noticed an ogre
  3845 | D:4      | Killed an ogre
  3845 | D:4      | Reached XP level 7. HP: 34/50 MP: 7/7
  4096 | D:4      | Found a staircase to the Ecumenical Temple.
  4106 | Temple   | Entered the Ecumenical Temple
  4159 | Temple   | Became a worshipper of Warmaster Okawaru
  4182 | D:5      | Entered Level 5 of the Dungeon
  4257 | D:5      | Found Osea's Jewellery Boutique.
  4271 | D:5      | Found Wayvao's Magic Scroll Shop.
  4271 | D:5      | Found Ipuyl's Assorted Antiques.
  4271 | D:5      | Noticed Pikel
  4400 | D:5      | Noticed Grinder
  4426 | D:5      | Killed Grinder
  4452 | D:5      | Noticed a wyvern
  4747 | D:5      | Killed Pikel
  4747 | D:5      | Acquired Okawaru's first power
  4747 | D:5      | Reached XP level 8. HP: 45/56 MP: 8/8
  4793 | D:5      | Killed a wyvern
  5033 | D:5      | Bought a scroll of identify for 22 gold pieces
  5033 | D:5      | Bought a scroll of identify for 22 gold pieces
  5207 | D:5      | Noticed Eustachio
  5211 | D:5      | Noticed Eustachio
  5211 | D:5      | Eustachio changed into Eustachio the giant frog
  5222 | D:5      | Killed Eustachio the giant frog
  5222 | D:5      | Reached XP level 9. HP: 49/61 MP: 13/13
  5688 | D:6      | Reached skill level 8 in Maces & Flails
  6064 | D:6      | Found Viysiria's Food Shoppe.
  6156 | D:6      | Reached skill level 9 in Maces & Flails
  6544 | D:6      | Found a sparkling altar of Nemelex Xobeh.
  7087 | D:7      | Reached skill level 10 in Maces & Flails
  7400 | D:7      | Reached XP level 10. HP: 47/67 MP: 14/14
  7587 | D:7      | Reached skill level 11 in Maces & Flails
  7876 | D:7      | Got a jewelled bardiche
  7998 | D:7      | Noticed a red ugly thing
  8041 | D:7      | Identified the +5 bardiche of Protyebo {flame, Int+4} (You found it on level 7 of the Dungeon)
  8419 | D:8      | Reached skill level 12 in Maces & Flails
  8986 | D:8      | Found Kihyokho's Armour Emporium.
  9223 | D:8      | Found Skiur's General Store.
  9278 | D:8      | Found a huge runed gate.
  9278 | D:8      | Found a huge runed gate.
  9278 | D:8      | Found a huge runed gate.
  9278 | D:8      | Found a huge runed gate.
  9295 | D:8      | Found a radiant altar of Vehumet.
  9612 | D:8      | Reached skill level 5 in Dodging
  9902 | D:9      | Found a radiant altar of Vehumet.
  9926 | D:9      | Found a flagged portal.
  9965 | Bailey   | Entered a bailey
 10697 | D:9      | Reached XP level 11. HP: 72/72 MP: 3/15
 10699 | D:9      | Found a staircase to the Lair.
 10811 | Lair:1   | Entered Level 1 of the Lair of Beasts
 11178 | Lair:1   | Found a frozen archway.
 11201 | IceCv    | Entered an ice cave
 11377 | IceCv    | Acquired Okawaru's second power
 11706 | IceCv    | Noticed an ice statue
 11713 | IceCv    | Killed an ice statue
 11713 | IceCv    | Reached skill level 5 in Fighting
 12347 | IceCv    | Reached XP level 12. HP: 87/87 MP: 9/17
 12379 | IceCv    | Noticed a frost giant
 12495 | IceCv    | Killed a frost giant
 13858 | Lair:1   | Reached skill level 13 in Maces & Flails
 14557 | Lair:2   | Noticed a seven-headed hydra
 14613 | D:10     | Entered Level 10 of the Dungeon
 14907 | D:10     | Found a staircase to the Orcish Mines.
 15020 | D:10     | Found a portal to a secret trove of treasure.
 15533 | D:11     | Reached XP level 13. HP: 98/98 MP: 18/18
 16031 | D:11     | Noticed Erica
 16044 | D:11     | Killed Erica
 16760 | D:11     | Reached skill level 14 in Maces & Flails
 16811 | D:11     | Received a gift from Okawaru
 17283 | Orc:1    | Entered Level 1 of the Orcish Mines
 17403 | Orc:1    | Found a shimmering altar of Xom.
 17693 | Orc:1    | Found Cladghocs' Antique Armour Shop.
 17702 | Orc:1    | Bought a slimy plate armour for 784 gold pieces
 17702 | Orc:1    | Bought a pair of runed boots for 126 gold pieces
 17702 | Orc:1    | Bought a pair of heavily runed gloves for 266 gold pieces
 17712 | Orc:1    | Identified the +3 plate armour of the Eight Cities {Int+4} (You bought it in a shop on level 1 of the Orcish Mines)
 17722 | Orc:1    | Identified the cursed -1 pair of gloves "Esist" {rF- Int+4 Dex+3} (You bought it in a shop on level 1 of the Orcish Mines)
 18017 | Orc:2    | Found Alani's Weapon Shop.
 18108 | Orc:2    | Found Qaiganum's Armour Boutique.
 18186 | Orc:2    | Found Gyky's Jewellery Shoppe.
 18186 | Orc:2    | Found Jegaw's Armour Shoppe.
 18408 | Orc:2    | Found Cuur Awu's Jewellery Shoppe.
 18536 | Orc:2    | Reached skill level 10 in Armour
 18587 | Orc:2    | Noticed Joseph
 18601 | Orc:2    | Killed Joseph
 19030 | Orc:3    | Received a gift from Okawaru
 19694 | Orc:1    | Bought a runed helmet for 126 gold pieces
 19850 | Lair:2   | Killed a seven-headed hydra
 19891 | Lair:2   | Noticed a five-headed hydra
 19901 | Lair:2   | Killed a five-headed hydra
 19984 | Lair:2   | Noticed Prince Ribbit
 19998 | Lair:2   | Killed Prince Ribbit
 20598 | Lair:3   | Noticed Nergalle
 20611 | Lair:3   | Killed Nergalle
 20658 | Lair:3   | Reached skill level 5 in Invocations
 20927 | Lair:3   | Reached XP level 14. HP: 108/108 MP: 22/22
 21533 | Lair:4   | Reached skill level 10 in Dodging
 21547 | Lair:4   | Found a hole to the Spider Nest.
 21922 | Lair:4   | Got a flickering wooden ring
 22383 | Lair:5   | Got a heavily runed chain mail
 22394 | Lair:5   | Identified the +3 chain mail of Feasting {rN+} (You found it on level 5 of the Lair of Beasts)
 23316 | Lair:5   | Reached skill level 15 in Maces & Flails
 23643 | Lair:6   | Found a staircase to the Shoals.
 23790 | Lair:6   | Received a gift from Okawaru
 23823 | Lair:6   | Noticed Rupert
 23929 | Lair:6   | Found a labyrinth entrance.
 23944 | Lab      | Entered a labyrinth
 24152 | Lab      | Got a transparent spear
 24189 | Lair:6   | Identified a +7 rod of destruction (8/12) (You took it off a minotaur in a labyrinth)
 24232 | Lair:6   | Identified the ring "Eskitenn" {rN++ MP+9} (You found it on level 4 of the Lair of Beasts)
 24300 | Lair:6   | Paralysed by Rupert for 4 turns
 24305 | Lair:6   | Paralysed by Rupert for 3 turns
 24420 | Lair:6   | Paralysed by Rupert for 4 turns
 24433 | Lair:6   | Killed Rupert
 25316 | Lair:7   | Noticed Maud
 25331 | Lair:7   | Killed Maud
 25381 | Lair:7   | Received a gift from Okawaru
 26217 | Orc:4    | Entered Level 4 of the Orcish Mines
 26217 | Orc:4    | Found Shoalueppu's Antique Weapon Shop.
 26311 | Orc:3    | Noticed an orc warlord
 26327 | Orc:3    | Killed an orc warlord
 26327 | Orc:3    | Reached XP level 15. HP: 113/113 MP: 26/26
 26556 | Orc:4    | Noticed Erolcha
 26687 | Orc:4    | Noticed an orc warlord
 26790 | Orc:3    | Killed Erolcha
 27191 | Orc:4    | Found Byorewn's General Store.
 27296 | Orc:4    | Bought a scroll of identify for 24 gold pieces
 27518 | Orc:4    | Found a staircase to the Elven Halls.
 27565 | Orc:4    | Found Unnik's Antique Armour Boutique.
 27653 | Orc:4    | Reached skill level 16 in Maces & Flails
 27824 | Orc:4    | Killed an orc warlord
 27830 | Orc:4    | Found Klikuek's Book Emporium.
 28170 | Lair:8   | Entered Level 8 of the Lair of Beasts
 28177 | Lair:8   | Received a gift from Okawaru
 28178 | Lair:8   | Got a bloodstained great mace {god gift}
 28179 | Lair:8   | Identified the +7 great mace "Gegh" {drain, rF+ rC++ Str+3 Int-3} (Okawaru gifted it to you on level 8 of the Lair of Beasts)
 28423 | Lair:8   | Found a staircase to the Slime Pits.
 28627 | Lair:8   | Found a shimmering altar of Xom.
 29160 | Lair:8   | Received a gift from Okawaru
 29176 | Lair:8   | Got a jewelled flail {god gift}
 29262 | Lair:8   | Reached XP level 16. HP: 87/120 MP: 27/27
 29964 | D:12     | Received a gift from Okawaru
 31138 | D:13     | Noticed Nessos
 31150 | D:13     | Killed Nessos
 31368 | D:13     | Received a gift from Okawaru
 31834 | D:14     | Reached skill level 17 in Maces & Flails
 32289 | D:14     | Found a gate to the Vaults.
 32486 | D:15     | Entered Level 15 of the Dungeon
 32568 | D:15     | Reached skill level 1 in Evocations
 32751 | D:15     | Found a staircase to the Depths.
 32977 | D:15     | Reached XP level 17. HP: 92/125 MP: 28/28
 33117 | D:15     | Reached skill level 5 in Evocations
 33723 | Spider:1 | Entered Level 1 of the Spider Nest
 34134 | Spider:1 | Received a gift from Okawaru
 34999 | Spider:2 | Noticed Arachne
 35022 | Spider:2 | Killed Arachne
 35233 | Spider:2 | Reached skill level 10 in Evocations
 35248 | Spider:2 | Received a gift from Okawaru
 35347 | Spider:2 | HP: 6/125 [trapdoor spider (10)]
 35353 | Spider:2 | Slain by a trapdoor spider

Action                   |  1- 3 |  4- 6 |  7- 9 | 10-12 | 13-15 | 16-18 || total
-------------------------+-------+-------+-------+-------+-------+-------++-------
Melee: Flail             |   103 |   224 |   358 |   166 |    10 |       ||   861
       Dire flail        |       |       |       |   561 |       |       ||   561
       Great mace        |       |       |       |   254 |  1515 |   813 ||  2582
 Fire: Hunting sling     |       |    16 |    27 |    60 |       |       ||   103
       Blowgun           |       |       |       |    36 |     2 |       ||    38
Throw: Stone             |     3 |     5 |     5 |       |       |       ||    13
       Tomahawk          |       |       |       |    29 |    25 |     1 ||    55
Invok: Heroism           |       |       |       |     9 |     9 |     2 ||    20
       Finesse           |       |       |       |     2 |     4 |     2 ||     8
Evoke: Wand              |       |       |    10 |    23 |    15 |     3 ||    51
       Rod               |       |       |       |       |    19 |    10 ||    29
  Use: Scroll            |       |       |     5 |     5 |    14 |     5 ||    29
       Potion            |       |       |       |     1 |       |     3 ||     4
  Eat: Chunk             |     1 |     8 |    11 |    37 |    64 |    27 ||   148
       Fruit             |       |       |     1 |       |       |       ||     1
       Pizza             |       |       |       |       |       |     1 ||     1
